 Dungeon Crawl Stone Soup version 0.28.0-53-g5a82cb258f (webtiles) character file.

Game seed: 12942388109884032704

308 Plasmagod the Chopper (level 6, -1/53 HPs)
             Began as a Minotaur Fighter on July 19, 2022.
             Slain by a wyvern (11 damage)
             ... on level 4 of the Dungeon.
             The game lasted 00:07:19 (3836 turns).

Plasmagod the Chopper (Minotaur Fighter)            Turns: 3836, Time: 00:07:20

Health: -1/53      AC: 12    Str: 20    XL:     6   Next: 16%
Magic:  5/5        EV:  5    Int:  5    God:
Gold:   165        SH:  5    Dex: 12    Spells: 5/5 levels left

rFire   . . .      SeeInvis .   a - +0 war axe
rCold   . . .      Faith    .   c - +0 buckler
rNeg    . . .      Spirit   .   p - +0 plate armour
rPois   .          Reflect  .   (helmet restricted)
rElec   .          Harm     .   (no cloak)
rCorr   .          Rampage  .   (no gloves)
Will    .....                   (no boots)
Stlth   ..........              (no amulet)
HPRegen 0.17/turn               (no ring)
MPRegen 0.09/turn               (no ring)

@: mighty
A: horns 2, retaliatory headbutt
a: no special abilities


You were on level 4 of the Dungeon.
You visited 1 branch of the dungeon, and saw 4 of its levels.
You also visited: Sewer.

You collected 165 gold pieces.

Inventory:

Hand Weapons
 a - a +0 war axe (weapon)
Armour
 b - a +0 scale mail
 c - a +0 buckler (worn)
 p - a +0 plate armour (worn)
Scrolls
 e - 2 scrolls of holy word {unknown}
 i - 3 scrolls of enchant weapon {unknown}
 k - 2 scrolls of immolation {unknown}
 l - 3 scrolls of teleportation {unknown}
 m - 9 scrolls of identify {unknown}
 n - 2 scrolls of enchant armour {unknown}
 q - a scroll of vulnerability {unknown}
 u - a scroll of magic mapping {unknown}
Potions
 f - a potion of lignification {unknown}
 g - 4 potions of degeneration
 h - a potion of mutation {unknown}
 j - a potion of curing {unknown}
 o - a potion of attraction {unknown}
 r - 4 potions of flight
 s - a potion of cancellation {unknown}
 t - a potion of invisibility {unknown}
 v - a potion of heal wounds {unknown}


   Skills:
 + Level 4.5 Fighting
 + Level 5.8 Axes
 + Level 5.0 Armour
 + Level 0.1 Dodging
 + Level 4.6 Shields


You had 5 spell levels left.
You didn't know any spells.
Your spell library contained the following spells:

 Spells                   Type           Power      Damage    Failure   Level
 Slow                     Hex            0%         N/A       100%        1
 Blink                    Tloc           0%         N/A       100%        2
 Confusing Touch          Hex            0%         N/A       100%        3
 Gell's Gravitas          Tloc           0%         N/A       100%        3
 Lesser Beckoning         Tloc           0%         N/A       100%        3
 Teleport Other           Tloc           0%         N/A       100%        3
 Vampiric Draining        Necr           0%         2d6       100%        3
 Manifold Assault         Tloc           0%         N/A       100%        5
 Dispersal                Tloc           0%         N/A       100%        6


Dungeon Overview and Level Annotations

Branches:
Dungeon (4/15)              Sewer (visited)
 Temple: D:4-7

Altars:

Annotations:
D:4 4 runed translucent doors


Innate Abilities, Weirdness & Mutations

You have a pair of horns on your head.
You reflexively headbutt those who attack you in melee.


Message History

You kill the adder!
No target in view!
m - 8 scrolls labelled SEZUEM JEB (gained 1)
Things that are here:
a +0 short sword; a kobold corpse
v - a bubbling clear potion
Found a stone staircase leading down.
m - 9 scrolls labelled SEZUEM JEB (gained 1)
Found a flail.
Found a large runed translucent door.
Found a thick smoking staff.
You now have 165 gold pieces (gained 16).
Found 21 arrows.
You open the door.
There is an open door here.
A hobgoblin and a giant cockroach come into view.
The hobgoblin shouts!
You hear an angry hiss.
You slash the giant cockroach!
You kill the giant cockroach!
You closely miss the hobgoblin. You block the hobgoblin's attack.
You closely miss the hobgoblin. Your headbutt misses the hobgoblin.
The hobgoblin barely misses you.
You slash the hobgoblin!
You kill the hobgoblin!
No target in view!
A wyvern comes into view.
The wyvern hisses angrily.
A hobgoblin comes into view.
The wyvern bites you!
You closely miss the wyvern. The wyvern bites you. The wyvern bites you!
You feel very mighty all of a sudden. The wyvern closely misses you.
You completely miss the wyvern. You headbutt the wyvern!
The wyvern is severely wounded.
You block the wyvern's attack. The wyvern bites you!
* * * LOW HITPOINT WARNING * * *
You barely miss the wyvern.
The wyvern is heavily wounded.
You block the wyvern's attack. The wyvern bites you!
You die...

#.# #.## #8....8#.#
#.# #######.(#
#|....$#.# #..
.........# #!....:#.#
### #######.##
#8....8#.# #)#
#####8l.8##.# #)#
##.'.##++##..## #.#
#.##..........#
#.#.####.#.(.....##.#
#.#
#.##gl@.##.########.#
#.# #..######... #.#
#.# ##.........# #.#
#.# #.#######.# #.#
#.# #.# #.# #.# #.#
#.# #. #.# #.# ##.#
#.####..#####
#....:......<..


You could see a wyvern and a hobgoblin.

Vanquished Creatures
  An orc priest (D:4)
  An iguana (D:3)
  7 adders
  6 river rats
  6 worms
  A dart slug (D:1)
  4 orcs (D:4)
  13 ball pythons
  16 bats
  10 endoplasms
  7 giant cockroaches
  5 goblins
  7 hobgoblins
  8 jackals
  3 quokkas
  2 frilled lizards (Sewer)
  6 kobolds
  8 rats
111 creatures vanquished.

Notes
Turn   | Place    | Note
-------+----------+-------------------------------------------
     0 | D:1      | Plasmagod the Minotaur Fighter began the quest for the Orb.
     0 | D:1      | Reached XP level 1. HP: 19/19 MP: 0/0
    65 | D:1      | Reached XP level 2. HP: 12/27 MP: 1/1
   621 | D:1      | Reached XP level 3. HP: 33/33 MP: 2/2
  1150 | D:2      | Found a faded altar of an unknown god.
  1507 | D:2      | Reached XP level 4. HP: 40/40 MP: 3/3
  2307 | D:3      | Reached XP level 5. HP: 35/46 MP: 4/4
  2309 | D:3      | Found a glowing drain.
  2322 | Sewer    | Entered a sewer
  2628 | Sewer    | Reached skill level 5 in Axes
  3615 | D:4      | Reached skill level 5 in Armour
  3618 | D:4      | Reached XP level 6. HP: 47/53 MP: 5/5
  3790 | D:4      | Found a large runed translucent door.
  3793 | D:4      | Found a large runed translucent door.
  3796 | D:4      | Noticed a wyvern
  3804 | D:4      | Found a large runed translucent door.
  3804 | D:4      | Found a large runed translucent door.
  3831 | D:4      | Noticed a wyvern
  3836 | D:4      | Slain by a wyvern

Illustrated notes

Levels and vault maps discovered:
D:1:      dpeg_arrival_solitude, layout_basic
D:2:      layout_basic, hellmonk_ecumenical_altar_dog_temple,
          minmay_misc_feat_doors, kennysheep_generic_room_16
D:3:      layout_rooms, portal_sewer_entry_e
D:4:      layout_loops_ring, minmay_hollow_rounded_squares

Skill      XL: |  1  2  3  4  5 |
---------------+----------------+-----
Armour         | 4 5 |  5.0
Shields        | 4 |  4.6
Axes           | 3 4 5 |  5.8
Fighting       | 4 |  4.5
Dodging        | |  0.1

Action                   |  1- 3 |  4- 6 || total
-------------------------+-------+-------++-------
Melee: War axe           |    78 |   157 ||   235
       Headbutt          |     9 |    17 ||    26
  Use: Potion            |       |     3 ||     3
Armor: Scale mail        |    33 |     3 ||    36
       Plate armour      |       |   109 ||   109
Dodge: Dodged            |    35 |    50 ||    85
Block: Buckler           |    21 |    47 ||    68
